 Dungeon Crawl Stone Soup version 0.20.1-1-g8b1a95d (webtiles) character file.

180 robba the Charmwright (level 5, -2/38 HPs)
             Began as a Human Skald on Sept 7, 2017.
             Slain by Ijyb
             ... wielding a +0 club
              (5 damage)
             ... on level 4 of the Dungeon.
             The game lasted 00:16:25 (2211 turns).

robba the Charmwright (Human Skald)                 Turns: 2211, Time: 00:16:26

Health: -2/38      AC:  5    Str: 13    XL:     5   Next: 91%
Magic:  3/9        EV: 12    Int: 13    God:
Gold:   149        SH:  0    Dex: 12    Spells: 3/9 levels left

rFire    . . .     SeeInvis .     - Unarmed
rCold    . . .     Gourm    .   (no shield)
rNeg     . . .     Faith    .   a - +0 leather armour
rPois    .         Spirit   .   j - +0 helmet
rElec    .         Reflect  .   q - +0 cloak
rCorr    .         Harm     .   (no gloves)
MR       .....     Rnd*Tele +   (no boots)
Stlth    +.........             (no amulet)
Regen    0.2/turn               k - ring of teleportation (curse)
MPRegen  0.2/turn               (no ring)

@: no status effects
A: no striking features
a: no special abilities


You were on level 4 of the Dungeon.
You were very hungry.

You visited 1 branch of the dungeon, and saw 4 of its levels.

You collected 149 gold pieces.

Inventory:

Missiles
 d - 173 stones (quivered)
 p - 5 javelins
Armour
 a - a +0 leather armour (worn)
 j - a +0 helmet (worn)
 q - a +0 cloak (worn)
Jewellery
 k - a cursed ring of teleportation (left hand)
 o - an uncursed ring of poison resistance {unknown}
Scrolls
 e - 2 scrolls of magic mapping
 f - 3 scrolls of identify {unknown}
 r - a scroll of enchant weapon
 t - a scroll of immolation
Potions
 c - 4 potions of ambrosia {unknown}
 l - 2 potions of lignification {unknown}
 m - a potion of agility {unknown}
 s - a potion of haste {unknown}
Books
 b - a book of Battle

   Spells                             Type                      Level
   a - Infusion                       Charms                       1
   b - Shroud of Golubria             Charms/Translocation         2
   c - Song of Slaying                Charms                       2
   d - Spectral Weapon                Hexes/Charms                 3
   e - Regeneration                   Charms/Necromancy            3
Comestibles
 h - a royal jelly
 i - a meat ration
 n - 2 bread rations


   Skills:
 + Level 2.2 Fighting
 + Level 1.9 Armour
 + Level 2.5 Dodging
 + Level 0.4 Stealth
 + Level 3.6 Unarmed Combat
 + Level 2.7 Spellcasting
 + Level 3.8 Charms


You had 3 spell levels left.
You knew the following spells:

 Your Spells              Type           Power        Failure   Level  Hunger
a - Infusion              Chrm           ##..         6%          1    #......
b - Song of Slaying       Chrm           ##......     10%         2    ###....
c - Regeneration          Chrm/Necr      #.........   38%         3    ###....


Dungeon Overview and Level Annotations

Branches:
Dungeon (4/15)
 Temple: D:4-7

Altars:

Annotations:
D:4 Ijyb


Message History

Ijyb hits you with a club.
* * * LOW HITPOINT WARNING * * *
You barely miss Ijyb.
Ijyb is severely wounded.
You completely miss Ijyb.
Ijyb is severely wounded.
Ijyb completely misses you.
You hit Ijyb.
Ijyb is almost dead.
Ijyb hits you with a club.
* * * LOW HITPOINT WARNING * * *
You miss Ijyb.
Ijyb is almost dead.
Ijyb hits you with a club.
* * * LOW HITPOINT WARNING * * *
You barely miss Ijyb.
Ijyb is almost dead.
Ijyb screams, "I no like you!" Ijyb hits you with a club.
You die...

.
..###############
.................
.................
.................
.......g.........
.......@....#####
...[.....!.##
...........#
...........#
...........#
...........#
.......[....
..%........##


You could see Ijyb.

Vanquished Creatures
  A howler monkey (D:4)
  Jessica (D:2)
  5 adders
  2 adder zombies (D:1)
  A worm (D:2)
  2 leopard geckos
  2 orcs (D:3)
  2 ball pythons
  4 giant cockroaches
  8 goblins
  6 hobgoblins
  8 kobolds
  A quokka (D:3)
  8 bats
  4 frilled lizards
  4 rats
59 creatures vanquished.

Notes
Turn   | Place    | Note
-------+----------+-------------------------------------------
     0 | D:1      | robba the Human Skald began the quest for the Orb.
     0 | D:1      | Reached XP level 1. HP: 16/16 MP: 3/3
    61 | D:1      | Reached XP level 2. HP: 15/22 MP: 0/5
   243 | D:1      | Reached XP level 3. HP: 14/27 MP: 4/6
   652 | D:2      | Reached XP level 4. HP: 8/33 MP: 0/7
  1276 | D:2      | Learned a level 2 spell: Song of Slaying
  1280 | D:2      | Learned a level 3 spell: Regeneration
  1487 | D:2      | Noticed Jessica
  1498 | D:2      | Killed Jessica
  1498 | D:2      | Reached XP level 5. HP: 11/38 MP: 4/8
  2150 | D:4      | Noticed Ijyb
  2211 | D:4      | Slain by Ijyb

Skill      XL: |  1  2  3  4 |
---------------+-------------+-----
Unarmed Combat | 3 |  3.6
Fighting       | |  2.2
Armour         | |  1.9
Dodging        | |  2.5
Stealth        | |  0.4
Spellcasting   | |  2.7
Charms         | |  3.8

Action                   |  1- 3 |  4- 6 || total
-------------------------+-------+-------++-------
Melee: Unarmed           |   109 |   190 ||   299
       Punch             |       |     2 ||     2
Throw: Stone             |     2 |       ||     2
 Cast: Infusion          |    10 |    17 ||    27
       Song of Slaying   |       |     5 ||     5
  Use: Scroll            |       |     5 ||     5
       Potion            |       |     2 ||     2
 Stab: Sleeping          |       |     1 ||     1
  Eat: Bread ration      |       |     1 ||     1
Armor: Leather armour    |    25 |    74 ||    99
Dodge: Dodged            |    91 |   158 ||   249
